 Dungeon Crawl Stone Soup version 0.27.0-1-g7a089689b8 (webtiles) character file.

Game seed: 10699065787876189733

66 Ge0ff the Conjurer (level 4, 0/36 HPs)
             Began as a Ghoul Conjurer on Aug 8, 2021.
             Slain by an ice beast (5 damage)
             ... on level 3 of the Dungeon.
             The game lasted 00:05:47 (3167 turns).

Ge0ff the Conjurer (Ghoul Conjurer)                 Turns: 3167, Time: 00:05:47

Health: 0/36       AC:  5    Str: 11    XL:     4   Next: 15%
Magic:  5/5        EV:  9    Int: 13    God:
Gold:   76         SH:  3    Dex:  7    Spells: 5/6 levels left

rFire    . . .     SeeInvis +     - Unarmed
rCold    + . .     Faith    .   e - +0 buckler
rNeg     + + +     Spirit   .   b - +0 ring mail
rPois    ∞         Reflect  .   (no helmet)
rElec    .         Harm     .   (no cloak)
rCorr    .         Rampage  .   (no gloves)
Will     .....                  (no boots)
Stlth    +.........             (no amulet)
HPRegen  0.00/turn              h - ring of see invisible
MPRegen  0.09/turn              (no ring)

@: inhibited regen
A: claws 1, cold resistance 1, negative energy resistance 3, inhibited
regeneration, torment resistance 2
a: no special abilities


You were on level 3 of the Dungeon.
You visited 1 branch of the dungeon, and saw 3 of its levels.

You collected 76 gold pieces.

Inventory:

Missiles
 c - 24 poisoned darts
 f - 5 boomerangs (quivered)
 g - 27 stones
Armour
 a - a +0 robe
 b - a +0 ring mail (worn)
 e - a +0 buckler (worn)
Jewellery
 h - a ring of see invisible (left claw)
Scrolls
 E - a scroll of fear
 F - 2 scrolls of amnesia {unknown}


   Skills:
 + Level 1.8 Fighting
 + Level 0.6 Armour
 - Level 1.7 Dodging
 - Level 2.1 Stealth
 + Level 0.9 Shields
 * Level 2.7 Unarmed Combat
 - Level 1.7 Spellcasting
 - Level 3.2 Conjurations


You had 5 spell levels left.
You knew the following spells:

 Your Spells              Type           Power      Damage    Failure   Level
k - Magic Dart            Conj           36%        1d4       26%         1

Your spell library contained the following spells:

 Spells                   Type           Power      Damage    Failure   Level
 Searing Ray              Conj           18%        3d3       36%         2
 Dazzling Flash           Conj/Hex       10%        N/A       83%         3
 Fulminant Prism          Conj/Hex       2%         3d6       99%         4
 Iskenderun's Mystic Bla  Conj/Tloc      5%         2d3       99%         4


Dungeon Overview and Level Annotations

Branches:
Dungeon (3/15)

Altars:
Dithmenos

Shops:
D:3 [

Annotations:
D:1 fly


Innate Abilities, Weirdness & Mutations

You thrive by killing the living.
You are immune to poison.
You have sharp fingernails.
Your flesh is cold resistant. (rC+)
You are immune to negative energy. (rN+++)
You do not regenerate when monsters are visible.
You are immune to unholy pain and torment.


Message History

Unknown command.
You throw a boomerang.
The boomerang hits the ice beast but does no damage.
You throw a boomerang.
The boomerang barely misses the ice beast.
You throw a boomerang.
The boomerang closely misses the ice beast.
You throw a boomerang. The boomerang hits the ice beast.
The ice beast is moderately wounded.
You scratch the ice beast but do no damage.
The ice beast is moderately wounded.
The ice beast hits you but does no damage. x2
You scratch the ice beast.
The ice beast is heavily wounded.
You scratch the ice beast.
The ice beast is heavily wounded.
The ice beast hits you but does no damage.
You barely miss the ice beast.
The ice beast is heavily wounded.
The ice beast hits you. The ice beast freezes you. You resist.
The ice beast hits you but does no damage.
You scratch the ice beast.
The ice beast is severely wounded.
The ice beast hits you. The ice beast freezes you. You resist.
You are too injured to fight recklessly!
You are too injured to fight recklessly!
You are too injured to fight recklessly!
You are too injured to fight recklessly!
You scratch the ice beast.
The ice beast is severely wounded.
The ice beast barely misses you.
You scratch the ice beast.
The ice beast is severely wounded.
The ice beast hits you. The ice beast freezes you. You resist.
You scratch the ice beast.
The ice beast is almost dead.
The ice beast hits you but does no damage.
You closely miss the ice beast.
The ice beast is almost dead.
The ice beast completely misses you.
You scratch the ice beast but do no damage.
The ice beast is almost dead.
The ice beast hits you. The ice beast freezes you. You resist.
* * * LOW HITPOINT WARNING * * *
You closely miss the ice beast.
The ice beast is almost dead.
The ice beast hits you.
* * * LOW HITPOINT WARNING * * *
The ice beast freezes you. You resist.
You die...

#.# #. #.# #. #.#
#. #.# #########.
# #.# #.........
##. #.# #.#####...
.#...##.# #.# ##..
......Y.# #.# ##.
##..>##@# #.# #.
## #.# #.#######.
#.#######.........
#.÷........#######
#.###..###.####
#...÷<..∩.....####
#.#
#.###..###.##.#...
#.# #.#
#......##.#.## #.#
#.###.#######.....


You could see an ice beast.

Vanquished Creatures
  An adder (D:2)
  A worm (D:2)
  A dart slug (D:2)
  6 ball pythons
  3 endoplasms
  5 goblins
  3 hobgoblins
  8 jackals
  6 kobolds
  2 quokkas (D:1)
  6 bats
  4 rats
46 creatures vanquished.

Vanquished Creatures (others)
  25 plants (D:2)
25 creatures vanquished.

Grand Total: 71 creatures vanquished

Notes
Turn   | Place    | Note
-------+----------+-------------------------------------------
     0 | D:1      | Ge0ff the Ghoul Conjurer began the quest for the Orb.
     0 | D:1      | Reached XP level 1. HP: 14/14 MP: 2/2
    70 | D:1      | You fall into a shaft and drop 1 floor!
   319 | D:1      | Reached skill level 1 in Unarmed Combat
   362 | D:1      | Reached XP level 2. HP: 22/22 MP: 0/3
   559 | D:1      | Reached skill level 1 in Fighting
  1017 | D:1      | Reached XP level 3. HP: 21/28 MP: 4/4
  1235 | D:1      | Found a faded altar of an unknown god.
  2596 | D:3      | Found Dain Offo's Antique Armour Emporium.
  2602 | D:3      | Noticed an ice beast
  2730 | D:3      | Noticed a necrophage
  2754 | D:3      | Found a shadowy altar of Dithmenos.
  2790 | D:2      | Reached XP level 4. HP: 13/36 MP: 5/5
  3167 | D:3      | Slain by an ice beast

Illustrated notes

Levels and vault maps discovered:
D:1:      minmay_arrival_floating_metal, layout_rooms,
          shapermc_ecumenical_altar_mp_vishouse, hex_intersection
D:2:      layout_loops_corners, serial_bayou, serial_bayou_pond_c,
          serial_bayou_lagoon_a, serial_bayou_crossing, serial_bayou_pond_e
D:3:      layout_loops_ring, lemuel_coloured_pillars_altar,
          grunt_dithmenos_smoke, serial_shops, shop, uniq_robin

Skill      XL: |  1  2 |
---------------+-------+-----
Unarmed Combat | 1 2 |  2.7
Fighting       | 1 |  1.8
Armour         | |  0.6
Dodging        | |  1.7
Stealth        | |  2.1
Shields        | |  0.9
Spellcasting   | |  1.7
Conjurations   | |  3.2

Action                   |  1- 3 |  4- 6 || total
-------------------------+-------+-------++-------
Melee: Unarmed           |   128 |    19 ||   147
Throw: Dart              |     3 |       ||     3
       Boomerang         |    47 |     9 ||    56
 Cast: Magic Dart        |    17 |       ||    17
  Use: Scroll            |     2 |       ||     2
       Potion            |     2 |       ||     2
Armor: Robe              |    13 |       ||    13
       Ring mail         |    29 |    11 ||    40
Dodge: Dodged            |    61 |     6 ||    67
Block: Buckler           |    13 |     1 ||    14
